 Dungeon Crawl Stone Soup version 0.30-b1-2-g02819fbbbe (webtiles) character file.

Game seed: 4274314968386114428

7837 Metae the Protected (level 11, -3/99 HPs)
             Began as a Minotaur Fighter on July 3, 2023.
             Was an Elder of Uskayaw.
             Slain by an orc knight
             ... wielding a +0 halberd
              (16 damage)
             ... in a bailey.
             The game lasted 00:26:37 (10096 turns).

Metae the Protected (Minotaur Fighter)             Turns: 10096, Time: 00:26:38

Health: -3/99      AC: 18    Str: 29    XL:     11   Next: 2%
Magic:  13/13      EV:  9    Int:  8    God:    Uskayaw [****..]
Gold:   499        SH:  6    Dex:  9    Spells: 10/10 levels left

rFire   . . .        O - +6 whip of Gyciledd {freeze, Fragile rElec Str+3 SInv}
rCold   . . .        c - +0 buckler
rNeg    . . .        n - +0 plate armour
rPois   .            (helmet restricted)
rElec   +            I - +0 cloak
rCorr   .            K - +0 pair of gloves of the Gate {Will+ Int+3 SInv}
SInv    +            x - +0 pair of boots
Will    ++...        (no amulet) Stlth
                     m - ring of flight
HPRegen 0.36/turn    z - ring of willpower
MPRegen 0.13/turn

%: no passive effects
@: flying
A: horns 2, retaliatory headbutt
a: Renounce Religion, Stomp, Line Pass


You were in a bailey.
You worshipped Uskayaw.
Uskayaw was noncommittal.
You visited 2 branches of the dungeon, and saw 11 of its levels.
You also visited: Sewer and Bailey.

You collected 715 gold pieces.
You spent 216 gold pieces at shops.

Inventory:

Hand Weapons
 a - a +0 war axe
 L - a +0 whip of electrocution
 O - the +6 whip of Gyciledd (weapon) {freeze, Fragile rElec Str+3 SInv}
   (You found it on level 7 of the Dungeon)

   Str:       It affects your strength (+3).
   rElec:     It insulates you from electricity.
   SInv:      It lets you see invisible.
   Fragile:   It will be destroyed if unequipped.
Missiles
 f - 44 poisoned darts (quivered)
 N - 4 silver boomerangs
Armour
 c - a +0 buckler (worn)
 n - a +0 plate armour (worn)
 x - a +0 pair of boots (worn)
 I - a +0 cloak (worn)
 K - the +0 pair of gloves of the Gate (worn) {Will+ Int+3 SInv}
   (You found it on level 6 of the Dungeon)

   Int:       It affects your intelligence (+3).
   SInv:      It lets you see invisible.
   Will:      It increases your willpower.
Jewellery
 h - a ring of see invisible
 m - a ring of flight (left hand)
 z - a ring of willpower (right hand)
 E - a ring of willpower
Wands
 v - a wand of flame (26)
 F - a wand of acid (14)
 M - a wand of paralysis (3)
Scrolls
 i - 2 scrolls of enchant weapon
 j - 4 scrolls of enchant armour
 k - a scroll of noise
 p - 4 scrolls of immolation
 r - 2 scrolls of vulnerability
 s - 12 scrolls of teleportation
 w - 2 scrolls of blinking
 y - 2 scrolls of fear {unknown}
 B - 2 scrolls of silence
 C - 2 scrolls of magic mapping {unknown}
 J - a scroll of poison {unknown}
Potions
 b - 3 potions of lignification
 d - 4 potions of might
 e - 6 potions of haste
 g - a potion of resistance
 l - 7 potions of curing
 o - 4 potions of heal wounds
 q - 3 potions of attraction
 t - 4 potions of mutation {unknown}
 u - 2 potions of flight
 A - 3 potions of brilliance {unknown}
 D - 3 potions of degeneration {unknown}
 G - a potion of cancellation {unknown}
 H - a potion of magic {unknown}


   Skills:
 + Level 9.8 Fighting
 + Level 9.5(9.9) Axes
 + Level 4.1(7.3) Maces & Flails
 + Level 9.9 Armour
 + Level 5.0 Dodging
 + Level 9.8 Shields
 + Level 4.4 Invocations


You had 10 spell levels left.
You didn't know any spells.
Your spell library contained the following spells:

 Spells                   Type           Power      Damage    Failure   Level
 Apportation              Tloc           0%         N/A       98%         1
 Necrotise                Necr           0%         1d4       98%         1
 Sting                    Tmut/Pois      0%         1d3       98%         1
 Summon Small Mammal      Summ           0%         N/A       98%         1
 Ensorcelled Hibernation  Hex/Ice        0%         N/A       99%         2
 Lesser Beckoning         Tloc           0%         N/A       99%         2
 Poisonous Vapours        Pois/Air       0%         N/A       99%         2
 Call Canine Familiar     Summ           0%         N/A       100%        3
 Gell's Gravitas          Tloc           0%         N/A       100%        3
 Portal Projectile        Hex/Tloc       0%         N/A       100%        3
 Spider Form              Tmut/Pois      0%         N/A       100%        3
 Teleport Other           Tloc           0%         N/A       100%        3
 Anguish                  Hex/Necr       0%         N/A       100%        4
 Cause Fear               Hex            0%         N/A       100%        4
 Leda's Liquefaction      Hex/Erth       0%         N/A       100%        4
 Olgreb's Toxic Radiance  Pois           0%         N/A       100%        4
 Dragon Form              Tmut           0%         N/A       100%        7
 Dragon's Call            Summ           0%         N/A       100%        9


Dungeon Overview and Level Annotations

Branches:
Dungeon (10/15)            Temple (1/1) D:6            Lair (0/5) D:10
  Sewer (visited)          Bailey (1/1)
    Orc: D:9-12

Altars:
Ashenzari
Cheibriados
Dithmenos
Elyvilon
Fedhas
Gozag
Hepliaklqana
Makhleb
Nemelex Xobeh
Okawaru
Qazlal
Ru
Sif Muna
Uskayaw
Vehumet
Wu Jian
Xom
Yredelemnul
Zin
The Shining One

Shops:
D:2 !   D:5 (   D:6 =

Annotations:
D:6 3 runed translucent doors, jombi's ghost, novice OpTm


Innate Abilities, Weirdness & Mutations

You have a pair of horns on your head.
You reflexively headbutt those who attack you in melee.


Message History

You kill the orc!
Aiming: Throw Flame
Press: ? - help, Shift-Dir - straight line, f/p - orc knight
Aim: an orc knight, wielding a +0 halberd and wearing a +0 chain mail (64% to hit)
The puff of flame misses the orc warrior.
The puff of flame hits the orc knight but does no damage.
The orc warrior no longer looks unusually strong.
Okay, then.
Throw: 45 darts (poison)
Press: ? - help, Q - select action, (/) - cycle Shift-Dir - straight line, f/p - orc knight
Aim: an orc knight, wielding a +0 halberd and wearing a +0 chain mail (55% to hit)
You throw a poisoned dart.
The poisoned dart completely misses the orc knight.
The poisoned dart hits the orc warrior.
The orc warrior hits you but does no damage.
The orc knight hits you with a +0 halberd.
The orc warrior hits you with a +0 halberd!
The orc warrior hits you from afar with a +0 glaive!
* * * LOW HITPOINT WARNING * * *
The orc warrior hits you with a +0 glaive.
* * * LOW HITPOINT WARNING * * *
You closely miss the orc knight. You headbutt the orc knight!
The orc knight is lightly wounded.
The orc warrior no longer looks unusually strong.
You block the orc warrior's attack. The orc warrior completely misses you.
The orc warrior hits you with a +0 glaive.
* * * LOW HITPOINT WARNING * * *
You whack the orc knight! You freeze the orc knight.
The orc knight is moderately wounded.
The orc knight roars a battlecry!
The orc warriors go into a battle-frenzy!
You block the orc warrior's attack. The orc warrior barely misses you.
The orc warrior hits you with a +0 glaive!
* * * LOW HITPOINT WARNING * * *
Uskayaw will force your foes to share their pain.
Uskayaw links your audience in an emotional bond!
The orc warrior attacks as you move away!
The orc warrior barely misses you.
The orc knight hits you with a +0 halberd!
You die...

###### ####### ###
##.....#########..)..## ##..
+.......#.....#....)..######...
+....#.)'...o.'...##.)#....#...
+....o.)').o..@....8))'....'...
+....#.))...oo'...##))#....#...
+.......#.....#.......######...
##.....#########.....## ##..
###### ####### ###


You could see an orc knight (pain bonded) and 3 orc warriors.

Vanquished Creatures
  2 two-headed ogres
  Joseph (D:7)
  Maggie (D:7)
  2 komodo dragons (D:10)
  A troll (D:10)
  Prince Ribbit (D:7)
  A shadow (D:9)
  A vampire (D:9)
  Eustachio (D:4)
  A steam dragon (D:8)
  An acid dragon (D:9)
  3 water moccasins
  5 orc warriors
  2 sky beasts
  3 ice beasts
  2 centaurs
  An ogre (D:6)
  2 phantoms (D:5)
  3 kobold brigands
  Blork the orc (D:4)
  2 scorpions
  5 bullfrogs
  13 wights
  3 killer bees (D:9)
  4 howler monkeys (D:7)
  3 jellies
  2 gnoll boudas (D:7)
  Crazy Yiuf (D:5)
  A hound (D:7)
  7 orc priests
  3 sleepcaps
  8 iguanas
  5 orc wizards
  8 gnolls (D:7)
  10 adders
  4 river rats (Sewer)
  A white imp (D:7)
  An ufetubus (D:4)
  3 dart slugs
  43 orcs
  7 endoplasms
  5 giant cockroaches
  4 hobgoblins
  7 jackals
  4 quokkas
  12 ball pythons
  8 bats
  5 frilled lizards
  6 goblins
  23 kobolds
  29 rats
272 creatures vanquished.

Vanquished Creatures (others)
  7 fungi (D:10)
  5 plants (D:10)
12 creatures vanquished.

Grand Total: 284 creatures vanquished

Notes
Turn   | Place    | Note
-------+----------+-------------------------------------------
     0 | D:1      | Metae the Minotaur Fighter began the quest for the Orb.
     0 | D:1      | Reached XP level 1. HP: 19/19 MP: 0/0
    33 | D:1      | Reached XP level 2. HP: 23/27 MP: 1/1
   528 | D:2      | Found Zucuck's Distillery.
   566 | D:2      | Bought a potion of heal wounds for 60 gold pieces
   650 | D:2      | Reached XP level 3. HP: 33/33 MP: 2/2
   660 | D:2      | Found an iron altar of Okawaru.
  1196 | D:2      | Bought a potion of flight for 36 gold pieces
  1475 | D:3      | Found a glowing drain.
  1485 | D:3      | Reached XP level 4. HP: 41/41 MP: 3/3
  1491 | Sewer    | Entered a sewer
  1772 | Sewer    | Reached XP level 5. HP: 47/47 MP: 4/4
  1882 | Sewer    | Reached skill level 5 in Fighting
  1882 | Sewer    | Reached skill level 5 in Armour
  1882 | Sewer    | Reached skill level 5 in Shields
  1885 | Sewer    | Reached XP level 6. HP: 19/56 MP: 5/5
  2450 | D:4      | Noticed Eustachio
  2467 | D:4      | Killed Eustachio
  2576 | D:4      | Found a glowing silver altar of Zin.
  2577 | D:4      | Noticed an angel
  2793 | D:4      | Reached skill level 5 in Axes
  2814 | D:4      | Reached XP level 7. HP: 51/62 MP: 6/6
  2898 | D:4      | Noticed Blork the orc
  2910 | D:4      | Killed Blork the orc
  3272 | D:5      | Entered Level 5 of the Dungeon
  3347 | D:5      | Found Nimiasch's Weapon Shop.
  3985 | D:5      | Reached XP level 8. HP: 65/71 MP: 7/7
  4062 | D:5      | Found a runed translucent door.
  4063 | D:5      | Noticed Crazy Yiuf
  4070 | D:5      | Killed Crazy Yiuf
  4406 | D:6      | Found a staircase to the Ecumenical Temple.
  4424 | Temple   | Entered the Ecumenical Temple
  4540 | D:6      | Found Irrabbiafi's Jewellery Emporium.
  4545 | D:6      | Identified the +0 pair of gloves of the Gate {Will+ Int+3
                  | SInv}
  4934 | D:6      | Noticed jombi's ghost (novice OpTm)
  4935 | D:6      | Noticed a kobold demonologist
  4936 | D:6      | Found a runed translucent gate.
  4936 | D:6      | Found a runed translucent gate.
  4936 | D:6      | Found a runed translucent gate.
  5570 | D:7      | Reached XP level 9. HP: 39/81 MP: 8/8
  5571 | D:7      | HP: 4/81 [gnoll/+0 whip of electrocution[a gnoll bouda]
                  | (20)]
  5815 | D:7      | Found a hide-covered altar of Uskayaw.
  5910 | D:7      | Became a worshipper of Uskayaw the Reveller
  5938 | D:7      | Reached * piety under Uskayaw
  5940 | D:7      | Reached ** piety under Uskayaw
  6008 | D:7      | Reached *** piety under Uskayaw
  6077 | D:7      | Found a sparkling altar of Nemelex Xobeh.
  6113 | D:7      | Reached skill level 1 in Dodging
  6113 | D:7      | Reached **** piety under Uskayaw
  6115 | D:7      | Reached skill level 1 in Invocations
  6138 | D:7      | Noticed Maggie
  6139 | D:7      | Noticed Prince Ribbit
  6142 | D:7      | Reached ***** piety under Uskayaw
  6144 | D:7      | Killed Prince Ribbit
  6150 | D:7      | Killed Maggie
  6150 | D:7      | Reached ****** piety under Uskayaw
  6453 | D:7      | Noticed Joseph
  6468 | D:7      | Killed Joseph
  6628 | D:7      | Identified the +6 whip of Gyciledd {freeze, Fragile rElec
                  | Str+3 SInv}
  7061 | D:7      | Found an ornate altar of the Wu Jian Council.
  7234 | D:8      | Reached skill level 1 in Maces & Flails
  7426 | D:8      | Reached XP level 10. HP: 91/91 MP: 11/11
  7490 | D:8      | Noticed a two-headed ogre
  7502 | D:8      | Killed a two-headed ogre
  8273 | D:2      | Bought a potion of haste for 120 gold pieces
  9243 | D:9      | Found a shadowy altar of Dithmenos.
  9482 | D:10     | Entered Level 10 of the Dungeon
  9668 | D:10     | Noticed a two-headed ogre
  9679 | D:10     | Killed a two-headed ogre
  9701 | D:10     | Found a staircase to the Lair.
  9820 | D:10     | Reached skill level 5 in Dodging
  9825 | D:10     | Found a flagged portal.
  9831 | Bailey   | Entered a bailey
  9975 | Bailey   | Reached XP level 11. HP: 89/99 MP: 13/13
 10071 | Bailey   | Noticed an orc knight
 10096 | Bailey   | Slain by an orc knight

Illustrated notes

Levels and vault maps discovered:
D:1:      co_arrival_hall_of_pillars, layout_rooms, minmay_distorted
D:2:      layout_loops_cross, serial_shops, shop, basic_altar
D:3:      layout_rooms, gup_sewer_entry_glass, hex_medium
D:4:      layout_loops_ring, zin_angel, uniq_blork_the_orc, uniq_eustachio
D:5:      layout_loops_ring, serial_shops, shop, kennysheep_generic_room_7,
          uniq_crazy_yiuf_cottage
D:6:      layout_gridville, minmay_temple_entry_ruins,
          gammafunk_ghost_nasty_kobolds, serial_shops, shop
D:7:      layout_layer_cave, mainiacjoe_overflow_surrounded_room,
          nicolae_wu_jian_glorious_leap, mainiacjoe_overflow_tiny_flanked,
          supply_closet_lemuel, minmay_fractal_squares_diagonal_5, uniq_maggie,
          uniq_prince_ribbit1, uniq_joseph
D:8:      layout_basic
D:9:      layout_gridville, grunt_dithmenos_shadows, nicolae_wwwww
D:10:     layout_loops_corners, amethyst_overflow_temple_binary,
          grunt_lair_entry_orc_guard_hut, enter_bailey_3, minmay_diamond_spiral
Temple:   hellmonk_temple_of_storms
Bailey:   bailey_polearm_5, bailey

Skill      XL: |  1  2  3  4  5  6  7  8  9 10 |
---------------+-------------------------------+-----
Fighting       | 4 5 6 7 9 |  9.8
Shields        | 4 5 6 7 8 9 |  9.8
Armour         | 4 5 6 7 8 9 |  9.9
Axes           | 3 4 5 6 7 8 9 |  9.5
Dodging        | 3 5 |  5.0
Invocations    | 3 4 |  4.4
Maces & Flails | 1 4 |  4.1

Action                     |  1- 3 |  4- 6 |  7- 9 | 10-12 || total
---------------------------+-------+-------+-------+-------++-------
  Melee: War axe           |    89 |    98 |   221 |       ||   408
         Headbutt          |    10 |    13 |    62 |    37 ||   122
         Whip              |       |       |    30 |   194 ||   224
  Throw: Dart              |       |     1 |     1 |     1 ||     3
  Evoke: Wand              |       |       |       |     5 ||     5
    Use: Potion            |       |     1 |     3 |     3 ||     7
         Scroll            |       |       |     8 |     4 ||    12
   Stab: Paralysed         |       |       |    10 |    16 ||    26
 Armour: Scale mail        |    52 |    70 |       |       ||   122
         Chain mail        |       |    39 |    66 |       ||   105
         Plate armour      |       |       |    81 |    93 ||   174
  Dodge: Dodged            |    41 |    86 |    98 |    87 ||   312
  Block: Buckler           |    20 |    39 |    68 |    50 ||   177
